 Dungeon Crawl Stone Soup version 0.24-a0-378-g94936e5 (webtiles) character file.

Game seed: 15575718595333858528

6309 Salamander1 the Skirmisher (level 10, -13/78 (79) HPs)
             Began as a Demonspawn Wanderer on June 2, 2019.
             Was a Believer of Nemelex Xobeh.
             Killed from afar by Erolcha (27 damage)
             ... with a crystal spear
             ... on level 10 of the Dungeon on June 3, 2019.
             The game lasted 01:09:29 (8813 turns).

Salamander1 the Skirmisher (Demonspawn Wanderer)    Turns: 8813, Time: 01:09:30

HP:   -13/78 (79)   AC: 17    Str: 20    XL:     10   Next: 64%
MP:   20/20         EV: 13    Int: 14    God:    Nemelex Xobeh [**....]
Gold: 548           SH:  0    Dex: 11    Spells: 21/22 levels left

rFire    . . .     SeeInvis .   a - +7 dagger
rCold    + . .     Gourm    +   (no shield)
rNeg     . . .     Faith    .   d - +1 ring mail
rPois    .         Spirit   .   n - +0 helmet
rElec    .         Reflect  .   (no cloak)
rCorr    .         Harm     .   (no gloves)
MR       .....                  (no boots)
Stlth    +.........             m - amulet of the gourmand
HPRegen  0.23/turn              f - ring of protection from cold
MPRegen  0.17/turn              L - +3 ring of strength

@: sanguine armour
A: claws 2, spiny 1, sanguine armour 2
a: Draw Escape, Draw Destruction, Draw Summoning, Renounce Religion


You were on level 10 of the Dungeon.
You worshipped Nemelex Xobeh.
Nemelex Xobeh was pleased with you.
You were full.

You visited 2 branches of the dungeon, and saw 11 of its levels.

You collected 548 gold pieces.

Inventory:

Hand Weapons
 a - a +7 dagger (weapon)
 p - a +2 spear of freezing
 t - a +2 dagger of speed
 F - a +0 mace of draining
 H - a +0 spear of chaos
Missiles
 b - 3 curare-tipped darts
 g - 5 atropa-tipped darts
 u - 72 poisoned darts (quivered)
 J - 2 boomerangs
Armour
 d - a +1 ring mail (worn)
 e - a +1 robe of fire resistance
 i - a +0 chain mail
 n - a +0 helmet (worn)
 G - a +1 cloak
 M - a +0 robe
Magical Staves
 A - an uncursed staff of poison
Jewellery
 f - a ring of protection from cold (left claw)
 k - an uncursed amulet of the acrobat
 m - an amulet of the gourmand (around neck)
 L - a +3 ring of strength (right claw)
Wands
 c - a wand of paralysis (9)
 h - a wand of random effects (5)
Scrolls
 q - 3 scrolls of amnesia
 r - a scroll of blinking
 s - a scroll of fear
 v - 4 scrolls of remove curse
 w - a scroll of fog
 y - 4 scrolls of teleportation
Potions
 j - a potion of flight
 o - 3 potions of magic
 x - 2 potions of agility
 z - a potion of cancellation {unknown}
 B - 3 potions of brilliance
 C - a potion of degeneration {unknown}
 D - a potion of invisibility {unknown}
 E - a potion of lignification {unknown}
 I - a potion of ambrosia {unknown}
Miscellaneous
 K - a phantom mirror
Comestibles
 l - 13 rations


   Skills:
 + Level 7.0 Fighting
 + Level 6.9 Short Blades
   Level 1.0(4.3) Long Blades
 + Level 1.0 Maces & Flails
 + Level 1.0 Throwing
 + Level 7.0 Armour
 + Level 4.9 Dodging
 + Level 2.3 Stealth
 + Level 6.7 Spellcasting
 - Level 5.0 Necromancy
 + Level 1.0 Evocations


You had 21 spell levels left.
You knew the following spells:

 Your Spells              Type           Power        Failure   Level  Hunger
a - Pain                  Necr           ###.         2%          1    None

Your spell library contained the following spells:

 Spells                   Type           Power        Failure   Level  Hunger


Dungeon Overview and Level Annotations

Branches:
Dungeon (10/15)            Temple (1/1) D:6
   Lair: D:8-11         Orc: D:9-12

Altars:
Ashenzari
Cheibriados
Dithmenos
Elyvilon
Fedhas
Gozag
Hepliaklqana
Kikubaaqudgha
Makhleb
Nemelex Xobeh
Okawaru
Qazlal
Ru
Sif Muna
Trog
Uskayaw
Vehumet
Wu Jian
Xom
Yredelemnul
Zin
The Shining One

Shops:
D:8 [

Annotations:
D:10 Erolcha


Innate Abilities, Weirdness & Mutations

You have very sharp fingernails.
You are partially covered in sharp spines.
When seriously injured, your bleeding wounds create thick armour. (AC +9)


Message History

The red devil closely misses you.
Your hell hound barely misses the red devil.
Erolcha points at you and mumbles some strange words.
The bolt of cold misses you.
Your hell hound closely misses the red devil.
The red devil barely misses your hell hound.
You hit Erolcha.
Erolcha is severely wounded.
Your hell hound barely misses the red devil.
Erolcha closely misses you.
You barely miss Erolcha.
Erolcha is severely wounded.
Your hell hound closely misses the red devil.
The red devil hits your hell hound but does no damage.
You hit Erolcha.
Erolcha is severely wounded.
Erolcha points at you and mumbles some strange words.
The crystal spear hits you!!
You die...
Your body glows slightly and disappears.

#........###.
......
#............
......
#..........
#. #.........
#. #.......#
#####.
#.....4.#
......
#.....h.#
......
#.###.O.#
...... #.#
#.@.# #..###
#.# #...# #.
#.###...#
#..###
#.......#
#.....
#.......#
#.....
#.......#
#.....
#.###...#
........ #.#
#...#
......## #.#
#...#
#..........#


You could see Erolcha, a red devil and a friendly hell hound.

Vanquished Creatures
  Harold (D:8)
  2 hornets (D:9)
  A troll (D:8)
  2 hippogriffs
  A spriggan (D:8)
  Sigmund (D:3)
  2 steam dragons (D:8)
  A hungry ghost (D:8)
  A water moccasin (D:10)
  An ice beast (D:6)
  2 sky beasts (D:6)
  An orc warrior (D:7)
  2 necrophages
  2 phantoms (D:8)
  3 ogres
  3 wolves (D:8)
  A black bear (D:8)
  A crocodile (D:8)
  3 centaurs
  Blork the orc (D:5)
  2 bullfrogs
  A gnoll sergeant (D:8)
  2 scorpions
  4 killer bees (D:8)
  4 wights
  5 crimson imps
  3 jellies
  2 hounds
  6 orc wizards
  An orc priest (D:5)
  A gnoll shaman (D:6)
  A bullfrog skeleton (D:4)
  2 iguanas (D:6)
  6 worker ants
  A hound zombie (D:6)
  18 gnolls
  3 howler monkey skeletons
  9 adders
  An adder skeleton (D:4)
  8 worms
  A leopard gecko (D:7)
  22 orcs
  7 bats
  3 giant cockroaches
  9 goblins
  6 hobgoblins
  9 jackals
  4 kobolds
  4 quokkas
  2 ball pythons
  2 frilled lizards
  2 quokka skeletons
  6 rats
189 creatures vanquished.

Vanquished Creatures (collateral kills)
  2 ogres
  A centaur (D:9)
  A big kobold (D:7)
  A bullfrog (D:9)
  4 wights
  A centaur zombie (D:7)
  A hound (D:8)
  A jelly (D:10)
  A gnoll shaman (D:7)
  An orc wizard (D:7)
  2 worker ants (D:7)
  3 gnolls (D:7)
  3 orcs (D:9)
  2 kobolds (D:7)
24 creatures vanquished.

Grand Total: 213 creatures vanquished

Notes
Turn   | Place    | Note
-------+----------+-------------------------------------------
     0 | D:1      | Salamander1 the Demonspawn Wanderer began the quest for the
                  | Orb.
     0 | D:1      | Salamander1 set off with the following items: a +2 dagger,
                  | 3 curare-tipped darts, a +0 falchion, a +0 ring mail, a
                  | ration
     0 | D:1      | Reached XP level 1. HP: 19/19 MP: 1/1
   355 | D:1      | Gained mutation: When seriously injured, your bleeding
                  | wounds create armour. (AC +9) [demonic ancestry]
   355 | D:1      | Reached XP level 2. HP: 18/26 MP: 2/2
   812 | D:2      | Gained mutation: You have sharp fingernails. [demonic
                  | ancestry]
   812 | D:2      | Reached XP level 3. HP: 21/31 MP: 3/3
   890 | D:2      | Found a radiant altar of Vehumet.
   899 | D:2      | Found an ancient bone altar of Kikubaaqudgha.
   906 | D:2      | Found a deep blue altar of Sif Muna.
   911 | D:2      | Identified Kikubaaqudgha's Papyrus of Darkness
   915 | D:2      | Learned a level 1 spell: Pain
  1660 | D:3      | Reached skill level 1 in Short Blades
  1696 | D:3      | Noticed Sigmund
  1745 | D:3      | Killed Sigmund
  1745 | D:3      | Reached skill level 1 in Spellcasting
  1745 | D:3      | Reached skill level 1 in Necromancy
  1745 | D:3      | Gained mutation: You are partially covered in sharp spines.
                  | [demonic ancestry]
  1745 | D:3      | Reached XP level 4. HP: 22/38 MP: 3/6
  1745 | D:3      | Reached XP level 5. HP: 25/43 MP: 3/7
  1952 | D:3      | Reached XP level 6. HP: 28/50 MP: 3/8
  1956 | D:3      | Reached skill level 1 in Dodging
  2739 | D:4      | HP: 2/50 [worker ant (3)]
  2764 | D:4      | Gained mutation: You have very sharp fingernails. [demonic
                  | ancestry]
  2764 | D:4      | Reached XP level 7. HP: 4/55 MP: 7/11
  3223 | D:4      | Found an ornate altar of the Wu Jian Council.
  3223 | D:4      | Found a blossoming altar of Fedhas.
  3332 | D:4      | Found a sacrificial altar of Ru.
  3372 | D:4      | Found a glowing silver altar of Zin.
  3375 | D:4      | Found a shadowy altar of Dithmenos.
  3618 | D:5      | Entered Level 5 of the Dungeon
  3728 | D:5      | Reached skill level 5 in Fighting
  3861 | D:5      | Noticed Blork the orc
  3868 | D:5      | Killed Blork the orc
  3868 | D:5      | Gained mutation: When seriously injured, your bleeding
                  | wounds create thick armour. (AC +9) [demonic ancestry]
  3868 | D:5      | Reached XP level 8. HP: 29/62 MP: 11/14
  4471 | D:6      | Found a staircase to the Ecumenical Temple.
  5120 | D:6      | Reached skill level 1 in Stealth
  5120 | D:6      | Reached skill level 5 in Necromancy
  5494 | Temple   | Entered the Ecumenical Temple
  5715 | Temple   | Became a worshipper of Nemelex Xobeh the Trickster
  5827 | D:7      | Received a gift from Nemelex Xobeh
  5854 | D:7      | Reached XP level 9. HP: 52/67 MP: 16/16
  5924 | D:7      | Reached skill level 5 in Armour
  6066 | D:7      | Reached skill level 5 in Short Blades
  6471 | D:8      | Found Maifoma's Antique Armour Boutique.
  6477 | D:8      | Reached skill level 5 in Spellcasting
  6506 | D:8      | Noticed Grum
  6516 | D:8      | Noticed Grum
  6516 | D:8      | Grum changed into Grum the steam dragon
  6526 | D:8      | Killed Grum the steam dragon
  6736 | D:8      | Noticed a troll
  6758 | D:8      | Killed a troll
  6813 | D:8      | Found an opulent altar of Gozag.
  6821 | D:8      | Received a gift from Nemelex Xobeh
  6890 | D:8      | Reached XP level 10. HP: 42/77 MP: 15/18
  6985 | D:8      | Found a hazy altar of Hepliaklqana.
  7034 | D:8      | Reached * piety under Nemelex Xobeh
  7097 | D:8      | Noticed Harold
  7122 | D:8      | Killed Harold
  7591 | D:9      | Paralysed by a hornet for 1 turns
  7856 | D:9      | Found a shimmering altar of Xom.
  8380 | D:10     | Entered Level 10 of the Dungeon
  8421 | D:10     | Reached ** piety under Nemelex Xobeh
  8527 | D:10     | Received a gift from Nemelex Xobeh
  8800 | D:10     | Noticed Erolcha
  8813 | D:10     | Killed from afar by Erolcha

Levels and vault maps discovered:
D:1:      dpeg_arrival_castle, layout_basic, minmay_3d_cube
D:2:      layout_basic, grunt_temple_overflow_magic_moments
D:3:      lemuel_upstairs_altar, layout_basic, nrook_uturn, uniq_sigmund
D:4:      layout_cave_pools, gammafunk_temple_overflow_statue,
          minmay_overflow_temple_star_quad, first_ration
D:5:      layout_basic, uniq_blork_the_orc
D:6:      layout_basic, minmay_temple_entry_statues_fountains
D:7:      layout_cave_pools
D:8:      layout_loops_ring, grunt_gozag_statues, kennysheep_mini, serial_shops,
          shop_statue, the_bakery, hangedman_decor_clover_reticule, uniq_harold,
          uniq_grum
D:9:      layout_stronghold, tgw_xom, minmay_misc_feat_pillars, nicolae_wwwww
D:10:     layout_small_grid, uniq_erolcha
Temple:   minmay_temple_curvy_loop

Skill      XL: |  1  2  3  4  5  6  7  8  9 10 |
---------------+-------------------------------+-----
Armour         | 2 3 4 6 7 |  7.0
Short Blades   | 2 3 4 5 6 |  6.9
Spellcasting   | 1 2 4 5 6 |  6.7
Necromancy     | 1 3 4 5 |  5.0
Dodging        | 1 3 4 |  4.9
Fighting       | 5 6 7 |  7.0
Stealth        | 1 2 |  2.3
Long Blades    | |  1.0
Maces & Flails | |  1.0
Throwing       | |  1.0
Evocations     | |  1.0

Action                   |  1- 3 |  4- 6 |  7- 9 | 10-12 || total
-------------------------+-------+-------+-------+-------++-------
Melee: Dagger            |   142 |    56 |   375 |   140 ||   713
 Cast: Pain              |    10 |    29 |    47 |    17 ||   103
 Abil: Draw Destruction  |       |       |     6 |     2 ||     8
       Draw Summoning    |       |       |     5 |     5 ||    10
  Use: Scroll            |     8 |     2 |    19 |     6 ||    35
       Potion            |     3 |     1 |     5 |     2 ||    11
 Stab: Distracted        |       |       |       |     1 ||     1
  Eat: Ration            |     1 |     1 |     1 |       ||     3
       Chunk             |       |       |    20 |     9 ||    29
Armor: Ring mail         |    85 |    32 |   179 |    36 ||   332
Dodge: Dodged            |    77 |    43 |   199 |    84 ||   403

Table legend:
 A = Non-vault XP
 B = Vault XP
 C = Vault XP percentage of total XP
 D = Non-vault monster count
 E = Vault monster count
 F = Vault count percentage of total count
                 A         B        C        D         E       F
            +---------+---------+-------+---------+---------+-------
      Total |    6653 |    2360 |  26.2 |     196 |      17 |   8.0
            +---------+---------+-------+---------+---------+-------
        D:1 |      27 |       4 |  12.9 |      15 |       3 |  16.7
        D:2 |      39 |       0 |   0.0 |      12 |       0 |   0.0
        D:3 |     237 |     227 |  48.9 |      16 |       1 |   5.9
        D:4 |     500 |       0 |   0.0 |      23 |       0 |   0.0
        D:5 |     544 |      96 |  15.0 |      17 |       1 |   5.6
        D:6 |    1019 |       0 |   0.0 |      29 |       0 |   0.0
        D:7 |     831 |       0 |   0.0 |      29 |       0 |   0.0
        D:8 |    1871 |    1964 |  51.2 |      30 |       7 |  18.9
        D:9 |     930 |      69 |   6.9 |      16 |       5 |  23.8
       D:10 |     655 |       0 |   0.0 |       9 |       0 |   0.0
            +---------+---------+-------+---------+---------+-------
